 Dungeon Crawl Stone Soup version 0.30-a0-953-g5f1da4a474 (webtiles) character file.

Game seed: 8338078099493610898

9 jasper the Vexing (level 2, 0/15 HPs)
             Began as a Deep Elf Enchanter on Mar 28, 2023.
             Killed from afar by a dart slug (3 damage)
             ... with a slug dart
             ... on level 1 of the Dungeon.
             The game lasted 00:01:02 (227 turns).

jasper the Vexing (Deep Elf Enchanter)               Turns: 227, Time: 00:01:03

Health: 0/15       AC:  2    Str:  5    XL:     2   Next: 6%
Magic:  0/9        EV: 12    Int: 19    God:
Gold:   14         SH:  0    Dex: 15    Spells: 7/9 levels left

rFire   . . .      SeeInvis .    a - +1 dagger
rCold   . . .      Faith    .    (no shield)
rNeg    . . .      Spirit   .    b - +0 robe
rPois   .          Reflect  .    (no helmet)
rElec   .          Rampage  .    (no cloak)
rCorr   .                        (no gloves)
Will    .....                    (no boots)
Stlth   ++                       (no amulet)
HPRegen 0.22/turn                (no ring)
MPRegen 0.11/turn                (no ring)

@: no status effects
A: no striking features
a: no special abilities


You were on level 1 of the Dungeon.
You visited 1 branch of the dungeon, and saw 1 of its levels.

You collected 14 gold pieces.

Inventory:

Hand Weapons
 a - a +1 dagger (weapon)
Armour
 b - a +0 robe (worn)
Scrolls
 d - 3 scrolls of enchant armour {unknown}
 e - a scroll of fear {unknown}
Potions
 c - 2 potions of invisibility


   Skills:
 - Level 1.0 Short Blades
 - Level 2.4 Dodging
 - Level 3.6 Stealth
 * Level 4.0 Spellcasting
 - Level 4.0 Hexes


You had 7 spell levels left.
You knew the following spells:

 Your Spells              Type           Power      Damage    Failure   Level
a - Ensorcelled Hibernat  Hex/Ice        22%        N/A       9%          2

Your spell library contained the following spells:

 Spells                   Type           Power      Damage    Failure   Level
 Confusing Touch          Hex            19%        N/A       8%          3
 Tukima's Dance           Hex            19%        N/A       8%          3
 Dazzling Flash           Conj/Hex       22%        N/A       19%         3
 Leda's Liquefaction      Hex/Erth       5%         N/A       52%         4
 Lee's Rapid Deconstruct  Erth           1%         3d4*      98%         5
 Statue Form              Tmut/Erth      2%         N/A       100%        6


Dungeon Overview and Level Annotations

Branches:
Dungeon (1/15)

Altars:


Message History

Press: ? - help, Q - select action Shift-Dir - straight line, f/p - hobgoblin
Aim: a hobgoblin (chance to affect: 62%)
The hobgoblin resists with significant effort.
The hobgoblin barely misses you.
You now have 5/9 mp.
Aiming: Ensorcelled Hibernation (safe; 9% risk of failure)
Press: ? - help, Q - select action Shift-Dir - straight line, f/p - hobgoblin
Aim: a hobgoblin (chance to affect: 62%)
The hobgoblin resists with significant effort.
The hobgoblin barely misses you.
You now have 3/9 mp.
You hit the hobgoblin.
The hobgoblin is moderately wounded.
The hobgoblin barely misses you.
Aiming: Ensorcelled Hibernation (safe; 9% risk of failure)
Press: ? - help, Q - select action Shift-Dir - straight line, f/p - hobgoblin
Aim: a hobgoblin (moderately wounded, chance to affect: 62%)
The hobgoblin resists with significant effort.
The hobgoblin hits you.
You take 4 damage, and have 6/15 hp.
MASSIVE DAMAGE!!
You now have 1/9 mp.
You closely miss the hobgoblin.
The hobgoblin is moderately wounded.
The hobgoblin hits you.
You take 1 damage, and have 5/15 hp.
Aiming: Ensorcelled Hibernation (safe; 9% risk of failure)
Press: ? - help, Q - select action Shift-Dir - straight line, f/p - hobgoblin
Aim: a hobgoblin (moderately wounded, chance to affect: 62%)
The hobgoblin looks drowsy...
You now have 0/9 mp.
The helpless hobgoblin fails to defend itself.
You puncture the hobgoblin!
You kill the hobgoblin!
The dart slug launches a dart at you. The slug dart hits you.
* * * LOW HITPOINT WARNING * * *
You take 3 damage, and have 3/15 hp.
You see here a hobgoblin corpse.
The dart slug launches a dart at you. The slug dart hits you.
You die...

# #####.###
#########.......#
##...##..†@w...#
#.....#.##.#......
#............#.#.#
#.....#.##.......
##...##.##.......#
##.###.#####...#
#.# #.# #.## #.#
#.. .# #.# ###


You could see a dart slug.

Vanquished Creatures
  An endoplasm (D:1)
  A giant cockroach (D:1)
  A goblin (D:1)
  A hobgoblin (D:1)
  A quokka (D:1)
  2 ball pythons (D:1)
  A bat (D:1)
  A frilled lizard (D:1)
9 creatures vanquished.

Notes
Turn   | Place    | Note
-------+----------+-------------------------------------------
     0 | D:1      | jasper the Deep Elf Enchanter began the quest for the Orb.
     0 | D:1      | Reached XP level 1. HP: 10/10 MP: 6/6
   203 | D:1      | Reached XP level 2. HP: 15/15 MP: 9/9
   206 | D:1      | Learned a level 2 spell: Ensorcelled Hibernation
   227 | D:1      | Killed from afar by a dart slug

Illustrated notes

Levels and vault maps discovered:
D:1:      moated_graveyard_arrival, layout_loops_corners

Skill      XL: |  1 |
---------------+----+-----
Spellcasting   | 4 |  4.0
Short Blades   | |  1.0
Dodging        | |  2.4
Stealth        | |  3.6
Hexes          | |  4.0

Action                     || total
---------------------------++-------
  Melee: Dagger            ||    33
   Cast: Ensorcelled Hiber ||     5
   Stab: Sleeping          ||     4
 Armour: Robe              ||     8
  Dodge: Dodged            ||    33

Table legend: (Time is in decaauts)
 A = Elapsed time spent in this place.
 B = Non-inter-level travel time spent in this place.
 C = Inter-level travel time spent in this place.
 D = Time resting spent in this place.
 E = Time spent auto-exploring this place.
 F = Levels seen in this place.
 G = Mean time per level.
                   A        B        C        D        E       F      G
               +--------+--------+--------+--------+--------+-----+--------+
         Total |    224 |    224 |      0 |     26 |     89 |   1 |  224.0 |
       Dungeon |    224 |    224 |      0 |     26 |     89 |   1 |  224.0 |
               +--------+--------+--------+--------+--------+-----+--------+

Top non-repeatable levels by time:
     D:1: 224 daAuts
